 Dungeon Crawl Stone Soup version 0.26.1-2-gb8aa6d0cf2 (webtiles) character file.

Game seed: 2693386299109316010

141 skwiii the Stinger (level 5, 0/35 HPs)
             Began as a Demonspawn Venom Mage on Feb 21, 2021.
             Slain by Grinder (1 damage)
             ... while paralysed by Grinder
             ... on level 4 of the Dungeon.
             The game lasted 00:10:50 (4699 turns).

skwiii the Stinger (Demonspawn Venom Mage)          Turns: 4699, Time: 00:10:50

Health: 0/35       AC:  2    Str:  8    XL:     5   Next: 3%
Magic:  2/9        EV:  2    Int: 17    God:
Gold:   87         SH:  0    Dex: 14    Spells: 1/10 levels left

rFire    . . .     SeeInvis .   n - +1 dagger (drain)
rCold    . . .     Faith    .   (no shield)
rNeg     . . .     Spirit   .   a - +0 robe
rPois    .         Reflect  .   (no helmet)
rElec    .         Harm     .   (no cloak)
rCorr    .         Rampage  .   (no gloves)
Will     .....                  (no boots)
Stlth    ++........             (no amulet)
HPRegen  0.11/turn              (no ring)
MPRegen  0.11/turn              (no ring)

@: paralysed
A: powered by death 1, sturdy frame 1
a: no special abilities


You were on level 4 of the Dungeon.
You visited 1 branch of the dungeon, and saw 4 of its levels.

You collected 87 gold pieces.

Inventory:

Hand Weapons
 c - a +0 mace
 j - a +0 quarterstaff
 n - a +1 dagger of draining (weapon)
Armour
 a - a +0 robe (worn)
 d - a +0 barding
 m - a cursed -1 cloak
Scrolls
 b - 2 scrolls of identify
 g - a scroll of remove curse {unknown}
 h - a scroll of enchant armour {unknown}
 k - a scroll of teleportation
 l - a scroll of fear {unknown}
 o - a scroll of enchant weapon {unknown}
Potions
 e - 2 potions of curing
 f - a potion of brilliance {unknown}
 i - a potion of haste {unknown}
 p - a potion of flight {unknown}


   Skills:
 - Level 0.1 Fighting
 - Level 1.7 Dodging
 - Level 1.7 Stealth
 * Level 3.1 Spellcasting
 + Level 2.0 Transmutations
 + Level 1.3 Air Magic
 * Level 4.1 Poison Magic


You had one spell level left.
You knew the following spells:

 Your Spells              Type           Power        Failure   Level
a - Sting                 Tmut/Pois      52%          4%          1
b - Poisonous Vapours     Pois/Air       22%          9%          2
c - Ignite Poison         Fire/Tmut/Pois 9%           22%         3
d - Mephitic Cloud        Conj/Pois/Air  8%           24%         3

Your spell library contained the following spells:

 Spells                   Type           Power        Failure   Level
 Olgreb's Toxic Radiance  Pois           16%          30%         4


Dungeon Overview and Level Annotations

Branches:
Dungeon (4/15)
 Temple: D:4-7

Altars:
Kikubaaqudgha

Annotations:
D:4 Grinder


Innate Abilities, Weirdness & Mutations

You regenerate a little health from kills.
Your movements are slightly less encumbered by armour. (ER -2)


Message History

Press: ? - help, Q - select action, (/) - cycle Shift-Dir - straight line, f/p - Grinder
Aim: Grinder (lightly wounded, strong, 32% to evade)
The sting hits Grinder.
Grinder partially resists.
Grinder is poisoned.
Grinder is lightly wounded.
Grinder hits you.
Casting: Sting (safe; 4% risk of failure)
Confirm with . or Enter, or press ? or * to list all spells.
The spell is quite dangerous to cast (22% risk of failure)!
Continue anyway?
You ignite the poison in your surroundings!
Grinder seems to burn from within!!
Grinder is severely wounded.
Grinder gestures at you.
You suddenly lose the ability to move!
Grinder hits you!
You writhe in agony.
* * * LOW HITPOINT WARNING * * *
Grinder says, "FISH!"
Grinder hits you.
* * * LOW HITPOINT WARNING * * *
You writhe in agony.
You die...

### ### #.#### ###<#
#[...###...#
#..........#
#..≈≈≈≈≈≈..#
###########..≈≈≈≈≈≈..#
...........5.≈≈_>≈≈..#
#####.#.####@≈≈..≈≈..#
#####+#.####.≈≈≈≈≈≈.##
........##...≈≈≈≈≈≈.#
####....##..........#
.........+..>#######
###?....##...#
#.....###### #......
#....5..


You could see Grinder (strong).

Vanquished Creatures
  An orc wizard (D:3)
  5 adders
  2 oozes
  2 worms
  2 dart slugs
  A leopard gecko (D:1)
  3 orcs (D:3)
  10 bats
  4 giant cockroaches
  7 goblins
  4 jackals (D:1)
  2 quokkas (D:2)
  A frilled lizard (D:1)
  4 kobolds
  4 rats
52 creatures vanquished.

Vanquished Creatures (others)
  8 plants (D:1)
8 creatures vanquished.

Grand Total: 60 creatures vanquished

Notes
Turn   | Place    | Note
-------+----------+-------------------------------------------
     0 | D:1      | skwiii the Demonspawn Venom Mage began the quest for the
                  | Orb.
     0 | D:1      | Reached XP level 1. HP: 13/13 MP: 3/3
   106 | D:1      | Reached skill level 1 in Transmutations
   229 | D:1      | Gained mutation: You regenerate a little health from kills.
                  | [demonic ancestry]
   229 | D:1      | Reached XP level 2. HP: 14/19 MP: 1/5
   301 | D:1      | Learned a level 2 spell: Poisonous Vapours
  1358 | D:1      | Reached XP level 3. HP: 24/24 MP: 2/6
  1868 | D:2      | Learned a level 3 spell: Ignite Poison
  2982 | D:2      | Gained mutation: Your movements are slightly less
                  | encumbered by armour. (ER -2) [demonic ancestry]
  2982 | D:2      | Reached XP level 4. HP: 30/30 MP: 5/8
  3216 | D:3      | Reached skill level 1 in Air Magic
  3781 | D:3      | Reached skill level 4 in Poison Magic
  4430 | D:3      | Reached XP level 5. HP: 32/35 MP: 5/9
  4649 | D:4      | Found an ancient bone altar of Kikubaaqudgha.
  4672 | D:4      | Noticed Grinder
  4685 | D:4      | Learned a level 3 spell: Mephitic Cloud
  4697 | D:4      | Paralysed by Grinder for 6 turns
  4699 | D:4      | HP: 1/35 [Grinder (4)]
  4699 | D:4      | Slain by Grinder

Illustrated notes

Levels and vault maps discovered:
D:1:      minmay_arrival_wavy_path, layout_loops_ring, serial_forest,
          infiniplex_forest_clump_curved, infiniplex_forest_join,
          infiniplex_forest_corner_1, infiniplex_forest_lined_ring,
          infiniplex_forest_clump_curved, serial_bayou_pond_a
D:2:      layout_loops_ring
D:3:      layout_basic
D:4:      layout_basic, general_overflow_altar,
          gammafunk_temple_overflow_elements, uniq_grinder

Skill      XL: |  1  2  3  4 |
---------------+-------------+-----
Transmutations | 1 2 |  2.0
Air Magic      | 1 |  1.3
Spellcasting   | 3 |  3.1
Poison Magic   | 4 |  4.1
Fighting       | |  0.1
Dodging        | |  1.7
Stealth        | |  1.7

Action                   |  1- 3 |  4- 6 || total
-------------------------+-------+-------++-------
Melee: Unarmed           |     4 |       ||     4
       Mace              |     9 |       ||     9
       Dagger            |       |     9 ||     9
 Cast: Sting             |    49 |    14 ||    63
       Poisonous Vapours |    26 |    13 ||    39
       Ignite Poison     |       |     1 ||     1
  Use: Scroll            |     1 |     3 ||     4
       Potion            |       |     1 ||     1
Armor: Robe              |    18 |     1 ||    19
Dodge: Dodged            |    56 |     5 ||    61
